Map: King Sejong Station LE

Players

PtitDrogo - Winner!

  • Race: Protoss Protoss
  • League: Master

Nerchio

  • Race: Zerg Zerg
  • League: Master

Event: DreamHack ZOWIE Open Valencia 2016

VOD

https://www.youtube.com/watch?v=14On3LxVig8

Description

Time

  • Played on: July 15, 2016, 8:14 a.m.
  • Length: 17:43

All games in this series

Show
View Real Time Build Order
Export as new Build Order

PtitDrogo Protoss - Winner!

Build Orders: 1 Gate Expand, Oracle Opening 

Get SALT Encoding   

  12  0:01  Probe (Chrono Boost)  
  13  0:11  Probe (Chrono Boost)  
  14  0:18  Pylon  
  14  0:22  Probe (Chrono Boost)  
  15  0:37  Probe (Chrono Boost)  
  15  0:38  Gateway  
  16  0:46  Assimilator  
  16  0:47  Probe (Chrono Boost)  
  17  0:58  Probe (Chrono Boost)  
  18  1:08  Probe (Chrono Boost)  
  19  1:22  Nexus  
  19  1:24  Probe (Chrono Boost)  
  20  1:34  Cybernetics Core  
  20  1:37  Probe (Chrono Boost)  
  21  1:42  Assimilator  
  21  1:47  Probe (Chrono Boost)  
  21  1:52  Pylon  
  22  1:58  Probe (Chrono Boost)  
  23  2:07  Adept  
  23  2:11  Warp Gate  
  23  2:12  Probe (Chrono Boost)  
  27  2:24  Probe (Chrono Boost)  
  27  2:31  Zealot  
  27  2:32  Stargate  
  27  2:36  Probe x2 (Chrono Boost)  
  31  2:46  Probe (Chrono Boost)  
  31  2:48  Probe (Chrono Boost)  
  33  2:55  Adept  
  33  2:57  Probe (Chrono Boost)  
  36  3:00  Probe (Chrono Boost)  
  36  3:08  Probe (Chrono Boost)  
  36  3:12  Probe (Chrono Boost)  
  38  3:13  Oracle  
  40  3:25  Probe (Chrono Boost)  
  41  3:27  Pylon  
  41  3:29  Mothership Core (Chrono Boost)  
  42  3:35  Nexus  
  42  3:37  Probe (Chrono Boost)  
  43  3:42  Pylon  
  43  3:47  Probe (Chrono Boost)  
  45  3:49  Probe (Chrono Boost)  
  45  3:58  Probe (Chrono Boost)  
  45  4:02  Probe (Chrono Boost)  
  47  4:06  Gateway  
  47  4:07  Gateway  
  47  4:08  Probe (Chrono Boost)  
  48  4:14  Probe (Chrono Boost), Assimilator x2  
  48  4:15  Adept  
  51  4:19  Probe (Chrono Boost)  
  52  4:26  Probe (Chrono Boost)  
  52  4:29  Probe (Chrono Boost)  
  54  4:36  Twilight Council  
  54  4:37  Probe (Chrono Boost)  
  55  4:38  Pylon  
  55  4:40  Probe (Chrono Boost)  
  55  4:43  Robotics Facility  
  56  4:47  Probe x2 (Chrono Boost)  
  56  4:50  Probe (Chrono Boost)  
  56  4:51  Sentry  
  61  4:58  Probe x2 (Chrono Boost)  
  63  5:00  Resonating Glaives  
  63  5:03  Adept  
  65  5:07  Gateway x2  
  65  5:08  Gateway  
  65  5:14  Probe (Chrono Boost)  
  65  5:15  Gateway  
  65  5:19  Gateway  
  65  5:22  Probe (Chrono Boost)  
  65  5:24  Probe (Chrono Boost)  
  65  5:25  Warp Prism  
  67  5:33  Probe x2 (Chrono Boost)  
  71  5:37  Pylon  
  71  5:39  Assimilator  
  71  5:41  Assimilator  
  70  5:44  Probe (Chrono Boost)  
  71  5:50  Adept x3  
  77  6:00  Pylon, Probe (Chrono Boost)  
  77  6:02  Pylon  
  77  6:04  Observer  
  80  6:13  Adept x7  
  93  6:23  Pylon  
  88  6:35  Adept x5  
  88  6:36  Adept x2  
  96  6:46  Probe (Chrono Boost)  
  94  6:48  Probe (Chrono Boost)  
  94  6:50  Probe (Chrono Boost)  
  94  6:51  Forge, Assimilator x2  
  94  6:52  Immortal  
  95  6:57  Charge  
  99  7:05  Probe (Chrono Boost)  
  101  7:09  Probe (Chrono Boost)  
  101  7:12  Probe (Chrono Boost)  
  101  7:15  Robotics Facility  
  102  7:16  Protoss Ground Weapons Level 1  
  102  7:18  Probe (Chrono Boost)  
  102  7:21  Probe (Chrono Boost)  
  105  7:24  Probe (Chrono Boost)  
  105  7:25  Pylon  
  105  7:27  Pylon  
  105  7:29  Immortal  
  106  7:30  Probe (Chrono Boost)  
  106  7:34  Templar Archives  
  110  7:46  Zealot x8  
  124  7:54  Photon Cannon  
  124  8:03  Immortal  
  124  8:05  Immortal  
  128  8:08  Photon Cannon, Pylon  
  132  8:19  Pylon  
  132  8:20  Pylon x2  
  132  8:22  Pylon  
  112  8:34  Zealot x3  
  112  8:37  Immortal  
  118  8:44  Immortal  
  118  8:46  Probe (Chrono Boost)  
  121  8:49  Photon Cannon  
  121  8:50  High Templar x5  
  121  8:54  Pylon  
  131  9:00  Pylon  
  131  9:01  Pylon, Sentry x2  
  135  9:05  Archon x2  
  135  9:06  Protoss Ground Weapons Level 2  
  135  9:07  High Templar  
  137  9:11  Immortal  
  141  9:19  Photon Cannon  
  141  9:22  Archon  
  143  9:29  Observer  
  143  9:31  Zealot x6  
  142  9:35  Stalker  
  154  9:43  Zealot  
  154  9:45  Immortal  
  142  10:07  Zealot x3  
  142  10:08  Zealot x3, Probe (Chrono Boost)  
  142  10:09  Immortal  
  156  10:18  Pylon  
  156  10:19  Immortal  
  156  10:21  Photon Cannon  
  158  10:30  High Templar x4  
  158  10:31  High Templar x2  
  171  10:36  Probe (Chrono Boost)  
  171  10:46  High Templar x2  
  171  10:48  Archon x2  
  171  10:49  Archon  
  175  10:55  Photon Cannon  
  175  10:58  Archon  
  164  11:04  Zealot x5  
  164  11:05  Zealot  
  174  11:27  Dark Shrine  
  152  11:50  Immortal  
  152  11:53  Immortal  
  120  12:06  Probe (Chrono Boost)  
  109  12:13  High Templar x2  
  109  12:14  Zealot x5  
  91  12:24  Archon  
  91  12:28  Immortal  
  94  12:37  Immortal  
  94  12:38  High Templar x2  
  94  12:39  Pylon, Zealot x3  
  94  12:44  Archon  
  108  12:54  Zealot  
  108  12:56  Zealot, Nexus  
  112  13:02  Immortal  
  116  13:14  Observer  
  117  13:24  Nexus  
  117  13:26  High Templar  
  119  13:27  High Templar  
  119  13:31  Archon  
  119  13:32  Observer  
  121  13:38  Zealot  
  124  13:56  High Templar x2  
  126  14:10  Assimilator  
  126  14:12  Pylon, Assimilator  
  124  14:17  Archon  
  124  14:19  Zealot x2  
  106  14:42  Pylon  
  106  14:44  Zealot x3, High Templar x2  
  106  14:45  Zealot x2  
  114  14:47  Archon  
  112  14:59  Nexus  
  110  15:02  Protoss Ground Weapons Level 3  
  110  15:18  Pylon  
  110  15:25  Photon Cannon  
  110  15:37  High Templar x2  
  110  15:38  Zealot x2  
  110  15:54  Archon  
  108  15:59  Dark Templar  
  108  16:00  Dark Templar  
  112  16:07  Zealot  
  112  16:15  High Templar x2  
  112  16:16  Zealot x2, Assimilator  
  120  16:20  Archon  
  120  16:21  Assimilator  
  120  16:28  Photon Cannon  
  118  16:35  High Templar  
  118  16:36  Zealot, High Templar  
  123  16:54  Zealot x4  
  123  16:55  Archon  
  123  16:58  Immortal  
  123  16:59  Immortal  
  137  17:12  High Templar  
  137  17:14  Zealot, High Templar  
  137  17:15  Zealot x2  
  147  17:18  Archon  
  147  17:30  Zealot x2  
Show
View Real Time Build Order
Export as new Build Order

Nerchio Zerg 

Build Orders: Hatch First, Lurkers 

Get SALT Encoding   

  12  0:00  Drone  
  13  0:12  Overlord  
  13  0:17  Drone  
  14  0:30  Drone x2  
  14  0:34  Drone  
  17  0:51  Drone  
  18  0:58  Hatchery  
  18  1:02  Drone, Extractor  
  17  1:14  Spawning Pool  
  17  1:18  Drone  
  17  1:20  Drone  
  18  1:28  Drone  
  19  1:38  Overlord  
  19  1:51  Drone  
  20  2:01  Queen  
  22  2:03  Metabolic Boost  
  22  2:06  Zergling x2  
  23  2:09  Queen  
  23  2:10  Drone  
  23  2:13  Drone  
  27  2:20  Drone  
  27  2:21  Drone  
  29  2:37  Hatchery  
  29  2:39  Drone  
  29  2:42  Zergling x2  
  29  2:43  Zergling x2  
  31  2:46  Drone  
  32  2:53  Overlord  
  32  2:56  Drone  
  33  3:02  Queen  
  35  3:08  Drone  
  35  3:09  Drone  
  35  3:13  Drone x2  
  35  3:14  Drone  
  35  3:16  Drone  
  35  3:18  Drone  
  39  3:23  Overlord  
  39  3:25  Drone  
  40  3:28  Drone  
  40  3:32  Overlord  
  41  3:38  Spore Crawler  
  41  3:39  Drone x2  
  42  3:45  Queen  
  44  3:49  Spore Crawler  
  44  3:50  Drone  
  44  3:52  Drone  
  44  3:53  Drone  
  44  3:55  Drone  
  47  3:56  Drone  
  47  3:59  Drone  
  47  4:00  Drone  
  50  4:04  Drone x2  
  50  4:05  Drone  
  53  4:11  Drone x3  
  53  4:16  Drone x2, Spore Crawler  
  57  4:24  Lair  
  56  4:25  Drone x2  
  56  4:26  Drone  
  56  4:28  Drone x2  
  56  4:29  Drone  
  56  4:30  Drone  
  62  4:32  Drone  
  62  4:34  Overlord  
  62  4:37  Drone  
  64  4:40  Drone, Extractor  
  64  4:41  Extractor  
  64  4:44  Overlord  
  63  4:52  Evolution Chamber, Drone x2, Hatchery  
  64  4:53  Drone  
  64  4:55  Drone  
  66  5:00  Drone x4  
  66  5:03  Overlord  
  69  5:13  Roach Warren, Overlord  
  68  5:22  Overseer  
  68  5:23  Hydralisk Den  
  68  5:24  Drone x2  
  68  5:26  Drone x2, Overlord  
  68  5:28  Queen  
  70  5:29  Drone x2  
  70  5:30  Overlord  
  70  5:32  Extractor  
  73  5:42  Drone x3  
  76  5:43  Extractor  
  76  5:44  Drone x2  
  76  5:45  Drone  
  78  5:50  Extractor  
  78  5:56  Roach x4  
  78  5:57  Roach x2, Glial Reconstitution  
  89  6:07  Muscular Augments, Hydralisk x2  
  89  6:09  Zergling x14  
  100  6:14  Hydralisk  
  100  6:15  Hydralisk  
  100  6:16  Zergling x8  
  100  6:17  Zergling x2  
  109  6:23  Ravager  
  109  6:24  Ravager  
  109  6:25  Overlord  
  111  6:30  Roach  
  111  6:31  Roach x4  
  120  6:34  Roach  
  120  6:39  Roach  
  115  6:41  Roach x2  
  115  6:42  Roach x2  
  115  6:43  Zergling x8  
  115  6:46  Overlord  
  124  6:50  Roach x2  
  124  6:51  Overlord  
  124  6:54  Zerg Missile Weapons Level 1  
  128  6:57  Overlord  
  127  7:11  Drone x3  
  130  7:19  Lurker Den, Hydralisk  
  130  7:20  Hydralisk x3  
  130  7:21  Hatchery  
  136  7:25  Hydralisk  
  136  7:26  Hydralisk x2  
  136  7:28  Overlord  
  142  7:32  Overlord  
  142  7:33  Pneumatized Carapace  
  142  7:47  Roach x6  
  142  7:49  Overlord  
  142  7:50  Overlord  
  154  7:57  Overlord  
  154  8:00  Roach x3  
  154  8:01  Roach  
  154  8:02  Overlord x2  
  154  8:05  Overlord x2  
  162  8:08  Hydralisk  
  162  8:09  Hydralisk  
  166  8:14  Hydralisk x3  
  166  8:19  Hydralisk  
  172  8:20  Hydralisk, Extractor  
  172  8:27  Drone x4  
  163  8:33  Hydralisk x2  
  163  8:34  Hydralisk  
  158  8:37  Drone x3  
  163  8:55  Drone x3  
  165  8:56  Drone x6  
  165  9:00  Overlord  
  172  9:07  Zerg Melee Weapons Level 1  
  172  9:14  Lurker x2  
  172  9:15  Lurker x6  
  178  9:19  Drone  
  178  9:20  Drone x2  
  178  9:21  Spore Crawler  
  178  9:22  Drone x2  
  181  9:24  Overlord  
  181  9:37  Hydralisk x5  
  191  9:55  Hydralisk x6  
  177  10:12  Lurker x3  
  177  10:13  Lurker  
  178  10:14  Hydralisk  
  178  10:15  Hydralisk x2  
  178  10:18  Overlord  
  184  10:24  Infestation Pit  
  183  10:32  Spine Crawler  
  183  10:33  Spine Crawler x2  
  180  10:37  Overlord  
  180  10:38  Hydralisk  
  180  10:39  Hydralisk x7  
  196  10:46  Extractor  
  193  10:58  Hydralisk x3  
  193  11:04  Spine Crawler x2  
  198  11:05  Spine Crawler x3  
  198  11:06  Spine Crawler  
  198  11:07  Hydralisk x4  
  197  11:24  Lurker x3  
  200  11:27  Spine Crawler x2  
  186  11:46  Zergling x24  
  186  11:47  Zergling x4  
  170  11:52  Hydralisk  
  145  11:59  Hydralisk  
  105  12:10  Hydralisk  
  105  12:14  Hydralisk  
  90  12:26  Drone x4  
  90  12:29  Lurker  
  95  12:30  Lurker  
  95  12:32  Lurker  
  95  12:35  Drone  
  95  12:36  Drone  
  99  12:46  Lurker x3  
  102  12:54  Hydralisk x2  
  107  13:12  Drone  
  107  13:13  Drone x2  
  107  13:14  Hatchery  
  107  13:15  Drone x3  
  107  13:18  Hydralisk  
  113  13:28  Hydralisk  
  113  13:29  Hydralisk  
  117  13:39  Hydralisk  
  117  13:40  Hydralisk  
  121  13:49  Hydralisk x2  
  116  13:56  Overseer  
  116  13:57  Hydralisk  
  118  14:11  Hydralisk x3  
  124  14:21  Hydralisk x2  
  128  14:27  Hydralisk  
  128  14:30  Zergling x4  
  111  14:33  Hydralisk  
  111  14:36  Hydralisk  
  95  14:45  Lurker x2  
  95  14:47  Hydralisk  
  92  14:53  Lurker x2  
  92  14:56  Lurker  
  93  15:05  Lurker  
  93  15:07  Overseer  
  93  15:12  Lurker  
  90  15:15  Zergling x10  
  95  15:28  Lurker  
  95  15:34  Hatchery  
  89  15:52  Hydralisk x4  
  96  15:57  Hydralisk  
  96  16:06  Hydralisk  
  97  16:12  Lurker x2  
  97  16:16  Drone  
  100  16:22  Drone x2  
  102  16:34  Lurker  
  102  16:37  Extractor  
  102  16:42  Hydralisk  
  103  16:47  Lurker  
  103  16:52  Overseer  
  99  17:00  Drone x3  
  102  17:02  Drone  
  103  17:09  Hydralisk x2  
  103  17:15  Hydralisk  
  109  17:18  Spore Crawler  

Tags
 
Add a new tag
Caveats
  • Supply blocks, unpowered buildings, or Contaminate may cause inaccurate times.
  • Supply counts are checked every 10 seconds.